 Dungeon Crawl Stone Soup version 0.17.0-9-g801d43b (console) character file.

50 gw the Stinger (level 3, 11/20 HPs)
             Began as a Deep Elf Venom Mage on Nov 9, 2015.
             Quit the game on level 2 of the Dungeon.
             The game lasted 00:06:58 (1762 turns).

gw the Stinger (Deep Elf Venom Mage)                Turns: 1762, Time: 00:06:58

Health: 11/20      AC:  3    Str:  5    XL:     3   Next: 55%
Magic:  10/10      EV: 13    Int: 20    God:
Gold:   89         SH:  0    Dex: 15    Spells: 2 memorised, 5 levels left

rFire  . . .     SeeInvis .     a - +0 short sword
rCold  . . .     Clarity  .     d - +0 robe
rNeg   . . .     SustAt   .     (no shield)
rPois  .         Gourm    .     (no helmet)
rElec  .         Spirit   .     (no cloak)
rCorr  .         Warding  .     f - +0 pair of gloves
rMut   .         Stasis   .     (no boots)
MR     .....                    (no amulet)
Stlth  ++........               (no ring)
                                (no ring)

@: not resistant to hostile enchantments, unstealthy
A: no striking features
a: no special abilities


You were on level 2 of the Dungeon.
You were hungry.

You visited 1 branch of the dungeon, and saw 2 of its levels.

You collected 89 gold pieces.

Inventory:

Hand Weapons
 a - a +0 short sword (weapon)
Missiles
 e - 25 arrows
Armour
 d - a +0 robe (worn)
 f - a +0 pair of gloves (worn)
Books
 b - a Young Poisoner's Handbook

   Spells                             Type                      Level
   a - Sting                          Conjuration/Poison           1
   b - Cure Poison                    Poison                       2
   c - Mephitic Cloud                 Conjuration/Poison/Air       3
   d - Olgreb's Toxic Radiance        Poison                       4
   e - Venom Bolt                     Conjuration/Poison           5
Comestibles
 c - 2 bread rations


   Skills:
 + Level 0.7 Fighting
 + Level 1.3 Armour
 - Level 2.4 Dodging
 - Level 2.4 Stealth
 * Level 3.8 Spellcasting
 + Level 4.7 Poison Magic


You had 5 spell levels left.
You knew the following spells:

 Your Spells              Type           Power        Failure   Level  Hunger
a - Sting                 Conj/Pois      ##..         6%          1    None
b - Mephitic Cloud        Conj/Pois/Air  ##......     21%         3    ###....


Dungeon Overview and Level Annotations

Branches:
Dungeon (2/15)

Altars:


Message History

Unknown command.
Unknown command.
Unknown command.
Search for what [Enter for "@corpse$&&!!rott&&!!skel&&!!inedible&&!!mutagenic&&!!forbidden", or ? for help]? @corpse$&&!!rott&&!!skel&&!!inedible&&!!mutagenic&&!!forbidden A hobgoblin is nearby!
Unknown command.
Unknown command.
Unknown command.
Search for what [Enter for "@corpse$&&!!rott&&!!skel&&!!inedible&&!!mutagenic&&!!forbidden", or ? for help]? @corpse$&&!!rott&&!!skel&&!!inedible&&!!mutagenic&&!!forbidden A hobgoblin is nearby!
Unknown command.
Unknown command.
Unknown command.
Search for what [Enter for "@corpse$&&!!rott&&!!skel&&!!inedible&&!!mutagenic&&!!forbidden", or ? for help]? @corpse$&&!!rott&&!!skel&&!!inedible&&!!mutagenic&&!!forbidden A hobgoblin is nearby!
Unknown command.
Unknown command.
Unknown command.
Infinite lua loop detected, aborting.
Are you sure you want to abandon this character and quit the game? (Confirm with "yes".)

..... ..... #.# ......
.. ...... .#
......#####.#
..$......!..#
#.........######
#..#.#e#.......#
#....g...#####..
#..#.#.#.####.[.
##.......##.. #.
##.#.#.#.##.# .##
........%##.## ..#
###.##......%<###.######
#. #.####...)%(.[..... #
... #.#####.#####.


You could see a hobgoblin.

Table legend:
 A = Turns spent in this place as a percentage of turns spent in the entire game.
 B = Non-inter-level travel turns spent in this place as a percentage of non-inter-level travel turns spent in the entire game.
 C = Inter-level travel turns spent in this place as a percentage of turns spent in this place.
 D = Turns resting spent in this place as a percentage of non-inter-level travel turns spent in this place.
 E = Turns spent auto-exploring this place as a percentage of non-inter-level travel turns spent in this place.
 F = Non-inter-level travel turns spent in this place divided by the number of levels of this place that you've seen.
                   A       B       C       D       E      F
               +-------+-------+-------+-------+-------+----------------------
         Total | 100.0 | 100.0 |   0.1 |   1.4 |   1.0 | 3437.5
       Dungeon | 100.0 | 100.0 |   0.1 |   1.4 |   1.0 | 3437.5
               +-------+-------+-------+-------+-------+----------------------

Table legend:
 A = Kills in this place as a percentage of kills in entire the game.
 B = Kills by you in this place as a percentage of kills by you in the entire game.
 C = Kills by friends in this place as a percentage of kills by friends in the entire game.
 D = Other kills in this place as a percentage of other kills in the entire game.
 E = Experience gained in this place as a percentage of experience gained in the entire game.
 F = Experience gained in this place divided by the number of levels of this place that you have seen.
                   A       B       C       D       E      F
               +-------+-------+-------+-------+-------+----------------------
         Total | 100.0 | 100.0 |  -nan |  -nan | 100.0 |  36.0
       Dungeon | 100.0 | 100.0 |  -nan |  -nan | 100.0 |  36.0
               +-------+-------+-------+-------+-------+----------------------

Vanquished Creatures
  An ooze (D:2)
  A worm (D:2)
  A giant gecko (D:1)
  A giant cockroach (D:2)
  2 hobgoblins (D:1)
  6 jackals (D:1)
  6 kobolds
  6 bats
  4 giant newts (D:1)
  8 goblins
  5 rats
41 creatures vanquished.

Notes
Turn   | Place    | Note
--------------------------------------------------------------
     0 | D:1      | gw the Deep Elf Venom Mage began the quest for the Orb.
     0 | D:1      | Reached XP level 1. HP: 10/10 MP: 6/6
   348 | D:1      | Reached XP level 2. HP: 15/15 MP: 2/8
   708 | D:1      | Reached skill level 1 in Armour
   890 | D:1      | Reached XP level 3. HP: 20/20 MP: 7/10
   918 | D:1      | Learned a level 3 spell: Mephitic Cloud
  1762 | D:2      | Quit the game

Action                   || total
-------------------------++-------
Melee: Short sword       ||    13
 Cast: Sting             ||    90
  Eat: Chunk             ||     2

Vault maps used:
D:1:      nagdon_arrival_zigzag_paths, st_stairs_9
D:2:      serial_co_window_serial, co_window_paths_b, co_window_corner_a,
          co_window_paths_a, co_window_corner_a, co_window_paths_a,
          co_window_corner_ca, co_window_of_opportunity_b,
          co_window_of_opportunity_c, co_window_unsneaky_path_e,
          co_window_unsneaky_path_c, co_window_4corner_b, glass_columns_b
